Map: Automaton LE

Players

Reaper

  • Race: Zerg Zerg
  • League: Grandmaster
  • Spawn Location: 9:00

Future - Winner!

  • Race: Terran Terran
  • League: Grandmaster
  • Spawn Location: 3:00

Event: Cheeseadelphia 8

VOD

Have the link to the VOD?

Description

Time

  • Played on: Dec. 8, 2018, 10:33 a.m.
  • Length: 11:18

All games in this series

Show
View Real Time Build Order
Export as new Build Order

Reaper Zerg 

Build Orders: Pool First 

Get SALT Encoding   

  12  0:00  Drone  
  13  0:12  Overlord  
  13  0:18  Drone  
  14  0:31  Drone x2  
  16  0:42  Spawning Pool  
  15  0:46  Drone  
  16  0:50  Drone  
  17  1:12  Hatchery  
  17  1:16  Drone  
  17  1:19  Drone  
  17  1:23  Drone  
  19  1:29  Extractor  
  19  1:30  Zergling x2  
  19  1:38  Queen  
  21  1:46  Overlord  
  21  1:51  Drone  
  22  2:06  Drone  
  23  2:11  Drone  
  23  2:15  Queen  
  26  2:23  Drone  
  26  2:24  Queen  
  29  2:44  Drone x4  
  31  2:47  Drone  
  31  2:49  Overlord  
  34  2:52  Lair  
  34  3:04  Drone  
  35  3:10  Overlord  
  35  3:13  Overlord  
  35  3:20  Overlord  
  35  3:27  Drone x3, Extractor  
  37  3:38  Drone  
  38  3:42  Hatchery  
  37  3:50  Spire  
  37  3:52  Drone  
  37  3:53  Drone x2  
  37  3:54  Drone  
  40  3:59  Overseer  
  40  4:01  Drone  
  41  4:04  Drone  
  41  4:05  Queen  
  41  4:09  Drone  
  45  4:13  Drone  
  46  4:26  Roach Warren  
  46  4:28  Drone x2  
  46  4:29  Overlord  
  47  4:32  Extractor  
  46  4:51  Drone x2  
  48  5:03  Mutalisk x2  
  48  5:04  Mutalisk  
  48  5:06  Roach x2  
  58  5:09  Drone x3  
  58  5:13  Drone  
  58  5:14  Drone x2  
  64  5:16  Drone  
  65  5:21  Drone  
  65  5:24  Roach x3  
  65  5:26  Roach  
  74  5:41  Mutalisk  
  72  5:43  Roach  
  72  5:48  Glial Reconstitution  
  72  5:49  Roach  
  72  5:50  Overlord  
  72  5:51  Drone x2  
  74  6:09  Drone x2  
  74  6:10  Drone  
  74  6:11  Drone x3  
  79  6:12  Drone, Overlord  
  81  6:20  Queen  
  81  6:31  Roach x4  
  81  6:32  Roach  
  90  6:34  Overlord x3  
  90  6:48  Overlord  
  90  6:52  Roach  
  90  6:53  Roach  
  96  6:54  Roach  
  96  6:55  Roach x4  
  96  6:56  Roach  
  96  6:57  Overlord  
  96  6:59  Ravager x2  
  108  7:05  Roach  
  108  7:06  Roach  
  112  7:14  Overlord  
  112  7:17  Roach x2  
  112  7:19  Roach  
  112  7:22  Roach  
  78  7:47  Roach x3  
  78  7:48  Roach x2  
  78  7:49  Roach  
  78  7:50  Roach  
  82  7:56  Roach  
  82  7:57  Roach  
  86  7:59  Roach  
  86  8:01  Roach  
  86  8:02  Roach x2  
  86  8:03  Roach x2  
  86  8:04  Roach x2  
  100  8:07  Roach  
  102  8:15  Roach  
  102  8:16  Roach  
  106  8:22  Roach, Hatchery  
  106  8:23  Roach  
  106  8:24  Roach  
  111  8:30  Drone x2  
  111  8:31  Drone x2  
  115  8:36  Drone x2  
  115  8:37  Drone x2  
  115  8:38  Drone x2  
  121  8:42  Drone x2  
  121  8:45  Drone x2  
  114  9:10  Roach x3  
  114  9:11  Roach x5  
  114  9:12  Roach x2  
  114  9:13  Roach x2  
  138  9:17  Overlord  
  138  9:18  Overlord x2  
  138  9:19  Overlord  
  136  9:37  Roach x2  
  136  9:38  Roach x2, Overlord x2  
  144  9:44  Roach  
  144  9:45  Roach x3  
  152  9:46  Roach x2  
  152  9:51  Roach  
  156  9:58  Roach  
  158  10:01  Overlord  
  158  10:13  Overlord x3  
  158  10:15  Drone x3  
  158  10:16  Drone  
  158  10:23  Ravager x2  
  158  10:24  Ravager  
  158  10:26  Drone  
  155  10:34  Drone  
  155  10:35  Drone  
  148  10:36  Overlord  
Show
View Real Time Build Order
Export as new Build Order

Future Terran - Winner!

Build Orders: Liberator Opening 

Get SALT Encoding   

  12  0:00  SCV  
  13  0:12  SCV  
  14  0:18  Supply Depot  
  14  0:25  SCV  
  15  0:39  SCV  
  15  0:40  Barracks  
  16  0:46  Refinery  
  16  0:51  SCV  
  17  1:03  SCV  
  18  1:15  SCV  
  19  1:28  Orbital Command  
  19  1:29  Barracks Reactor  
  19  1:44  Command Center  
  19  1:53  SCV  
  20  1:58  Supply Depot  
  20  2:05  Marine x2  
  20  2:06  SCV  
  23  2:15  Factory  
  23  2:20  SCV  
  24  2:23  Marine x2  
  24  2:28  Refinery  
  26  2:32  SCV  
  27  2:41  Marine x2  
  28  2:44  SCV  
  29  2:56  Orbital Command  
  29  2:57  SCV  
  30  3:01  Marine x2  
  32  3:07  Starport  
  32  3:09  Factory Tech Lab  
  32  3:11  SCV  
  33  3:19  Marine x2  
  35  3:22  SCV  
  35  3:25  SCV  
  37  3:32  Supply Depot  
  37  3:34  SCV  
  37  3:37  Marine x2, SCV  
  41  3:46  SCV  
  41  3:47  Liberator  
  42  3:49  SCV  
  42  3:54  Siege Tank  
  42  3:55  Supply Depot  
  46  3:59  SCV  
  46  4:01  SCV  
  48  4:06  Barracks Tech Lab  
  51  4:11  Viking  
  51  4:14  SCV  
  51  4:16  SCV  
  55  4:20  Supply Depot  
  55  4:26  Siege Tank  
  55  4:28  SCV  
  55  4:29  SCV  
  60  4:38  Marine  
  61  4:42  Supply Depot, Stimpack  
  61  4:46  SCV x2  
  63  4:55  Command Center  
  63  4:58  SCV x2  
  65  5:06  Starport Reactor  
  65  5:08  Barracks  
  65  5:09  Barracks  
  65  5:10  SCV  
  65  5:12  SCV  
  67  5:16  Supply Depot  
  67  5:17  Marine  
  68  5:23  Siege Tank  
  71  5:30  Engineering Bay x2  
  71  5:35  Marine, SCV x2  
  73  5:37  Refinery  
  74  5:43  Refinery  
  74  5:47  SCV  
  74  5:48  SCV  
  73  5:52  Starport Reactor  
  73  5:53  Marine  
  74  5:59  Marine x2, SCV  
  74  6:00  SCV  
  74  6:01  Siege Tank  
  81  6:04  Missile Turret  
  81  6:07  Missile Turret, Terran Infantry Weapons Level 1  
  81  6:13  Marine x2  
  81  6:14  Marine  
  81  6:18  Terran Infantry Armor Level 1, SCV x2  
  86  6:22  Supply Depot  
  86  6:26  Supply Depot  
  86  6:27  Marine  
  86  6:28  Marine  
  86  6:31  Marine  
  87  6:34  Medivac x2, Marine x2  
  87  6:39  SCV  
  94  6:42  SCV  
  94  6:45  Marine x2  
  97  6:49  Marine  
  97  6:50  Combat Shield  
  97  6:51  SCV  
  97  6:52  Marine x2  
  100  6:55  Orbital Command  
  98  7:03  Marine  
  98  7:04  Marine  
  98  7:06  Marine  
  98  7:07  Medivac x2  
  105  7:10  Marine, SCV  
  105  7:12  SCV  
  108  7:21  Missile Turret, Supply Depot  
  108  7:22  Supply Depot, SCV  
  109  7:23  SCV  
  109  7:24  SCV  
  109  7:26  Marine x2  
  112  7:30  Marine  
  112  7:35  Bunker  
  112  7:36  Siege Tank  
  101  7:38  Marine, Bunker  
  101  7:40  Marine  
  101  7:43  SCV x2  
  97  7:44  Marine  
  97  7:48  Marine  
  97  7:49  Marine  
  95  7:56  Marine  
  95  8:01  Barracks, SCV x3  
  95  8:03  Barracks  
  95  8:06  Armory  
  95  8:07  Marine  
  95  8:08  Marine, Siege Tank  
  95  8:09  Marine  
  95  8:11  Marine  
  102  8:18  Factory, Marine  
  103  8:20  Factory  
  103  8:24  Refinery  
  103  8:25  Refinery, Marine  
  103  8:26  Marine  
  105  8:27  Marine  
  105  8:31  Marine  
  105  8:33  SCV x3  
  110  8:36  Marine  
  110  8:38  Missile Turret  
  110  8:40  Missile Turret  
  111  8:43  Marine  
  111  8:45  SCV x3  
  111  8:46  Marine  
  116  8:48  Supply Depot  
  116  8:49  Supply Depot, Marine x2  
  116  8:51  Supply Depot  
  116  8:53  Terran Infantry Armor Level 2  
  118  8:59  Terran Infantry Weapons Level 2  
  118  9:01  SCV x2  
  120  9:03  Factory Tech Lab x2  
  120  9:06  SCV  
  119  9:11  Marine  
  119  9:12  Marine x3, Barracks Tech Lab  
  119  9:14  Barracks Reactor x2  
  123  9:24  Marine  
  123  9:27  Supply Depot x2, Siege Tank x2  
  123  9:29  Marine x2, Siege Tank  
  135  9:38  Marine  
  135  9:39  Marine  
  135  9:42  Marine  
  138  9:46  Medivac x2  
  138  9:47  Marine x2  
  138  9:51  Marine x4  
  147  9:56  Marine  
  147  9:58  Missile Turret  
  147  9:59  Missile Turret, Siege Tank x2  
  154  10:01  Marine  
  154  10:02  Siege Tank  
  154  10:04  Marine  
  154  10:05  Marine x2  
  161  10:09  Marine x4  
  165  10:14  Marine  
  165  10:16  Medivac  
  165  10:19  Marine  
  169  10:22  Marine  
  169  10:25  Supply Depot  
  169  10:27  Supply Depot, Marine  
  169  10:28  Supply Depot  
  171  10:31  Siege Tank  
  173  10:47  Marine x2  
  173  10:48  Marine  
  173  10:49  Marine x2  
Tags
 
Add a new tag
Caveats
  • Supply blocks, unpowered buildings, or Contaminate may cause inaccurate times.
  • Supply counts are checked every 10 seconds.